 Dungeon Crawl Stone Soup version 0.21.0-37-g46506fa (webtiles) character file.

543073 tidbits the Severer (level 24, -1/248 HPs)
             Began as a Gnoll Skald on Jan 30, 2018.
             Was an Elder of Cheibriados.
             Slain by an emperor scorpion (9 damage)
             ... summoned by a greater mummy
             ... on level 1 of the Tomb of the Ancients on Jan 31, 2018.
             The game lasted 05:51:48 (14637 turns).

tidbits the Severer (Gnoll Skald)                  Turns: 14637, Time: 05:51:49

Health: -1/248     AC: 38    Str: 26    XL:     24   Next: 95%
Magic:  47/52      EV: 26    Int: 35    God:    Cheibriados [****..]
Gold:   2945       SH: 12    Dex: 19    Spells: 6/55 levels left

rFire    + + +     SeeInvis +   a - +2 broad axe (elec)
rCold    . . .     Gourm    .   D - +3 buckler "Pycomnoh" {rF++ MR+}
rNeg     + + .     Faith    .   (armour currently unavailable)
rPois    ∞         Spirit   .   E - +2 helmet
rElec    +         Reflect  .   C - +2 cloak
rCorr    .         Harm     .   (gloves currently unavailable)
MR       +++..                  (boots currently unavailable)
Stlth    ++++++....             m - amulet of magic regeneration
HPRegen  1.51/turn              H - ring "Meraxirhi" {rN+ MR+ MP+9 Dex-5}
MPRegen  0.58/turn              I - ring "Recvurag" {rPois rF+ SInv}

@: statue-form, very slightly contaminated, regenerating, studying 2 skills,
very slow
A: distributed training, fangs 1, talons 1, fire resistance 1, strong 1, strong
nose
}: 5/15 runes: decaying, slimy, silver, abyssal, gossamer
a: End Transformation, Bend Time, Temporal Distortion, Slouch, Renounce Religion


You were on level 1 of the Tomb of the Ancients.
You worshipped Cheibriados.
Cheibriados was greatly pleased with you.
You were not hungry.
You were a stone statue.
You visited 11 branches of the dungeon, and saw 50 of its levels.
You visited the Abyss 1 time.
You also visited: Wizlab.

You collected 4699 gold pieces.
You spent 1754 gold pieces at shops.

Inventory:

Hand Weapons
 a - a +2 broad axe of electrocution (weapon)
   (You took it off an orc warrior on level 2 of the Orcish Mines)
 y - a +3 demon whip of electrocution
   (You took it off a profane servitor on level 5 of the Abyss)
 z - a +1 vampiric broad axe
   (You found it on level 1 of the Crypt)
Missiles
 s - 5 javelins of returning (quivered)
 x - 3 throwing nets {!f}
Armour
 B - a +2 troll leather armour (melded)
 C - a +2 cloak (worn)
 D - the +3 buckler "Pycomnoh" (worn) {rF++ MR+}
   (You found it on level 5 of the Pits of Slime)

   It greatly protects you from fire.
   It affects your resistance to hostile enchantments.
 E - a +2 helmet (worn)
 G - a +2 pair of gloves of archery (melded)
   (You bought it in a shop on level 2 of the Orcish Mines)
Magical Staves
 e - an uncursed staff of energy {!a}
   (You found it on level 3 of the Elven Halls)
 w - an uncursed staff of wizardry {!a}
   (You found it on level 3 of the Elven Halls)
Jewellery
 k - the amulet of the Four Winds {rN+ MR+++ Clar}
   (You found it on level 5 of the Lair of Beasts)

   [amulet of nothing]

   It protects you from negative energy.
   It affects your resistance to hostile enchantments.
   It protects you against confusion.
 m - an amulet of magic regeneration (around neck)
   (You took it off a deep elf archer on level 3 of the Elven Halls)
 H - the ring "Meraxirhi" (left hand) {rN+ MR+ MP+9 Dex-5}
   (You found it on level 3 of the Elven Halls)

   [ring of protection from magic]

   It affects your dexterity (-5).
   It protects you from negative energy.
   It affects your resistance to hostile enchantments.
   It affects your magic capacity (+9).
 I - the ring "Recvurag" (right hand) {rPois rF+ SInv}
   (You took it off a deep elf knight on level 3 of the Elven Halls)

   [ring of poison resistance]

   It protects you from fire.
   It protects you from poison.
   It lets you see invisible.
 O - an uncursed ring of protection from cold
   (You found it on level 3 of the Vaults)
Wands
 g - a wand of disintegration (6)
 p - a wand of paralysis (61)
 t - a wand of acid (4)
Scrolls
 b - a scroll of silence
 d - a scroll of vulnerability {unknown}
 i - 3 scrolls of identify
 j - a scroll of teleportation
 n - 3 scrolls of fear
 r - 17 scrolls of remove curse
 M - 2 scrolls of immolation
 P - 2 scrolls of blinking
 S - a scroll of fog
Potions
 l - 5 potions of heal wounds
 o - a potion of might
 A - a potion of flight
 F - a potion of ambrosia
 R - 18 potions of mutation {!q}
 T - 3 potions of cancellation
 U - a potion of brilliance
 W - 2 potions of resistance
 Y - a potion of agility
 Z - 8 potions of curing
Books
 h - the Handbook of Destructive Darkness
   (You acquired it on level 4 of the Vaults)

   Spells                             Type                      Level
   a - Throw Frost                    Conjuration/Ice              2
   b - Vampiric Draining              Necromancy                   3
   c - Animate Dead                   Necromancy                   4
   d - Lightning Bolt                 Conjuration/Air              5
 q - a manual of Unarmed Combat
   (You found it on level 1 of the Elven Halls)
 u - a manual of Axes
   (You found it on level 3 of the Elven Halls)
 v - a book of the Earth
   (You took it off Roxanne on level 1 of the Spider Nest)

   Spells                             Type                      Level
   a - Leda's Liquefaction            Hexes/Earth                  4
   b - Bolt of Magma                  Conjuration/Fire/Earth       5
   c - Statue Form                    Transmutation/Earth          6
   d - Iron Shot                      Conjuration/Earth            6
   e - Shatter                        Earth                        9
Miscellaneous
 f - a sack of spiders
 K - a phantom mirror
 L - a lamp of fire
 V - a lightning rod (3/4)
 X - a phial of floods
Comestibles
 c - 39 rations


   Skills:
 + Level 16.2 Fighting
 + Level 15.7 Short Blades
 + Level 15.7 Long Blades
 + Level 19.8 Axes
 + Level 15.7 Maces & Flails
 + Level 15.7 Polearms
 + Level 15.7 Staves
 + Level 15.7 Slings
 + Level 15.7 Bows
 + Level 15.7 Crossbows
 + Level 15.7 Throwing
 + Level 15.9 Armour
 + Level 16.2 Dodging
 + Level 15.7 Stealth
 + Level 15.7 Shields
 + Level 19.4 Unarmed Combat
 + Level 16.3 Spellcasting
 + Level 13.6 Conjurations
 + Level 13.6 Hexes
 + Level 14.4 Charms
 + Level 13.6 Summonings
 + Level 13.6 Necromancy
 + Level 13.6 Translocations
 + Level 13.6 Transmutations
 + Level 13.6 Fire Magic
 + Level 13.6 Ice Magic
 + Level 13.6 Air Magic
 + Level 13.6 Earth Magic
 + Level 13.6 Poison Magic
 + Level 17.0 Invocations
 + Level 15.7 Evocations


You had 6 spell levels left.
You knew the following spells:

 Your Spells              Type           Power        Failure   Level  Hunger
a - Aura of Abjuration    Summ           #######...   1%          5    None
b - Blink                 Tloc           N/A          0%          2    None
l - Lesser Beckoning      Tloc           #######...   0%          3    None
n - Animate Skeleton      Necr           N/A          0%          1    None
p - Passwall              Tmut/Erth      #######...   0%          2    None
r - Regeneration          Chrm/Necr      #######...   0%          3    None
s - Statue Form           Tmut/Erth      #######..    1%          6    None
v - Borgnjor's Vile Clut  Necr/Erth      #######...   1%          5    None
w - Spectral Weapon       Hex/Chrm       #######.     0%          3    None
y - Song of Slaying       Chrm           #######.     0%          2    None
A - Apportation           Tloc           ######       0%          1    None
L - Summon Lightning Spi  Summ/Air       #######.     1%          4    None
N - Animate Dead          Necr           N/A          1%          4    None
P - Summon Butterflies    Summ           #######.     0%          1    None
R - Irradiate             Conj/Tmut      #######...   1%          5    None
Z - Sublimation of Blood  Necr           #######...   0%          2    None


Dungeon Overview and Level Annotations

Branches:
Dungeon (15/15)            Temple (1/1) D:5            Lair (6/6) D:8
  Swamp (4/4) Lair:4       Spider (4/4) Lair:4        Slime (5/5) Lair:6
    Orc (2/2) D:11            Elf (3/3) Orc:2        Vaults (5/5) D:14
  Crypt (3/3) Vaults:3       Tomb (2/3) Crypt:3
 Depths: D:15

Altars:
Ashenzari
Cheibriados
Dithmenos
Elyvilon
Fedhas
Gozag
Hepliaklqana
Kikubaaqudgha
Makhleb
Nemelex Xobeh
Okawaru
Qazlal
Ru
Sif Muna
Trog
Uskayaw
Vehumet
Wu Jian
Xom
Yredelemnul
Zin
The Shining One
Beogh
Jiyva

Shops:
Orc:2 [*=(   Elf:2 *}   Elf:3 *


Innate Abilities, Weirdness & Mutations

Your experience applies equally to all skills.
You have very sharp teeth.
Your uncanny sense of smell can sniff out nearby items.
You have sharp toenails.
((You are mostly covered in yellow scales. (AC +3)))
Your flesh is heat resistant. (rF+)
Your muscles are strong. (Str +2)


Message History

The zombie hands constrict the emperor scorpion!!
The zombie hands constrict the emperor scorpion.
You block the soul eater's attack.
The emperor scorpion escapes!
The emperor scorpion struggles to escape constriction. x2
The greater mummy struggles to escape constriction.
The soul eater barely misses you.
You slice the soul eater!!
You kill the soul eater!
Your skin is crawling a little less now.
The zombie hands constrict the greater mummy!!
The zombie hands constrict the emperor scorpion!
The zombie hands constrict the emperor scorpion!!
The emperor scorpion struggles to escape constriction. x2
The greater mummy struggles to escape constriction.
Unknown command.
Evoke which item? (* to show all) (? for menu, Esc to quit)
Aiming: Corrosive Bolt
Press: ? - help, Shift-Dir - straight line
Okay, then.
Okay, then.
Casting: Borgnjor's Vile Clutch
Confirm with . or Enter, or press ? or * to list all spells.
Your skin crawls.
The zombie hands constrict the greater mummy!!
The zombie hands constrict the emperor scorpion!!
The zombie hands constrict the emperor scorpion!!!
The emperor scorpion struggles to escape constriction.
The emperor scorpion escapes!
The emperor scorpion stings you but does no damage.
The emperor scorpion claws you but does no damage.
The emperor scorpion misses you.
The emperor scorpion struggles to escape constriction.
Unknown command.
The zombie hands constrict the greater mummy!!!
The zombie hands constrict the emperor scorpion!!
You kill the emperor scorpion!
The emperor scorpion's corpse disappears in a puff of smoke!
The greater mummy points at you and mumbles some strange words.
Something smites you!
* * * LOW HITPOINT WARNING * * *
The emperor scorpion stings you but does no damage.
You block the emperor scorpion's attack.
The emperor scorpion claws you but does no damage.
The greater mummy gestures at you while chanting.
Something smites you!
* * * LOW HITPOINT WARNING * * *
The emperor scorpion completely misses you.
You block the emperor scorpion's attack. x2
The greater mummy gestures at you while chanting.
Something smites you!
* * * LOW HITPOINT WARNING * * *
Unknown command.
Evoke which item? (* to show all) (? for menu, Esc to quit)
Aiming: Corrosive Bolt
Press: ? - help, Shift-Dir - straight line, f - greater mummy
Aim: a greater mummy (severely damaged, constricted by zombie hands)
The bolt of acid hits the emperor scorpion.
The emperor scorpion appears unharmed.
The emperor scorpion is heavily wounded.
The bolt of acid hits the emperor scorpion.
The emperor scorpion is splashed with acid.
The emperor scorpion is lightly wounded.
The zombie hands constrict the greater mummy!!!
The zombie hands release their grip on the greater mummy.
You block the emperor scorpion's attack.
The emperor scorpion closely misses you.
The emperor scorpion misses you.
The emperor scorpion stings you but does no damage.
The emperor scorpion claws you but does no damage.
The emperor scorpion closely misses you.
The greater mummy gestures at you while chanting.
Something smites you!
* * * LOW HITPOINT WARNING * * *
The emperor scorpion stings you.
* * * LOW HITPOINT WARNING * * *
The emperor scorpion claws you but does no damage.
You block the emperor scorpion's attack.
The emperor scorpion stings you but does no damage.
The emperor scorpion claws you but does no damage.
The emperor scorpion closely misses you.
Unknown command.
Evoke which item? (* to show all) (? for menu, Esc to quit)
Aiming: Corrosive Bolt
Press: ? - help, Shift-Dir - straight line, f/p - greater mummy
Aim: a greater mummy (almost destroyed)
The bolt of acid hits the emperor scorpion.
The emperor scorpion is splashed with acid.
The emperor scorpion is severely wounded.
The bolt of acid hits the emperor scorpion.
The emperor scorpion is splashed with acid.
The acid corrodes the emperor scorpion!
The emperor scorpion is moderately wounded.
The greater mummy casts a spell.
The emperor scorpion completely misses you.
You block the emperor scorpion's attack.
The emperor scorpion completely misses you.
The emperor scorpion stings you!!
* * * LOW HITPOINT WARNING * * *
The emperor scorpion claws you!
You die...

.................................
............................8...8
(................................
.........##################......
.........# #.8...8 .........#
#...... .........# #......
.........##############. #.8...8
.........##.....8ss..M.. #......
.........##.....ss..ss.s #......
.........##..##############.8...8
.........##..............##......
.........##..............##......
.........#############...##.8..s8
.........##..............##......
.........##..............###'''''
.........##..##############......


You could see a greater mummy and 7 emperor scorpions.

Vanquished Creatures
  the Royal Jelly (Slime:5)
  23 greater mummies
  Sojobo (Vaults:4)
  Boris (Vaults:3)
  the Lernaean hydra (Swamp:4)
  Frederick (Crypt:3)
  Xtahua (Vaults:5)
  Nikola (Spider:4)
  Arachne (Spider:2)
  A bone dragon (Abyss:5)
  2 profane servitors
  4 tentacled monstrosities (Vaults:5)
  2 liches
  2 deep elf blademasters (Elf:3)
  2 ancient champions
  A titan (Vaults:5)
  6 tentacled starspawn
  2 deep elf master archers (Elf:3)
  13 acid blobs
  11 sphinxes
  Agnes (Spider:4)
  A thorn hunter (Abyss:5)
  4 shadow dragons
  The ghost of hexophile the Brawler, a journeyman TrMo of Cheibriados (Elf:1)
  The ghost of dscm the Severer, an adept DsFi of Uskayaw (Elf:3)
  12 azure jellies
  6 tengu reavers
  3 revenants
  5 frost giants
  Roxanne (Spider:1)
  The ghost of Ashar the Severer, an adept DsBe of Trog (Swamp:4)
  3 cacodemons
  3 deep elf sorcerers
  3 vault wardens
  4 ghost moths
  An angel (Abyss:4)
  4 fire giants (Vaults:5)
  5 deep elf elementalists
  Aizul (Elf:2)
  2 curse skulls
  2 orc warlords
  8 emperor scorpions
  10 ironheart preservers
  8 very ugly things
  A reaper (Crypt:3)
  10 stone giants
  A war gargoyle (Vaults:5)
  7 entropy weavers
  2 deep elf demonologists
  2 bennus (Tomb:2)
  2 vampire knights
  6 deep elf annihilators
  Nessos (Lair:5)
  2 eidola
  5 ettins
  A jiangshi (Crypt:3)
  A crystal guardian (Abyss:4)
  5 mummy priests
  Josephine (Spider:1)
  9 deep elf death magi
  A fire dragon (Vaults:3)
  3 death oozes (Slime:5)
  Erolcha (D:11)
  A quicksilver dragon skeleton (Tomb:1)
  5 deep elf high priests
  4 yaktaur captains (Vaults:5)
  4 great orbs of eyes
  3 ice dragons
  21 vault guards (Vaults:5)
  A ghost crab (Swamp:3)
  14 hydras
  The ghost of Amaterasu the Grappler, a journeyman FoFi of Makhleb (D:9)
  Erica (Lair:1)
  5 centaur warriors
  3 alligators
  A deep troll shaman (Vaults:5)
  2 tengu warriors (D:15)
  20 two-headed ogres
  2 death knights
  4 death yaks (Lair:5)
  23 death scarabs
  7 ogre magi
  An orc high priest (Orc:2)
  Urug (Orc:2)
  2 deep troll earth magi
  4 vampire magi
  8 dancing weapons
  Nergalle (Orc:2)
  13 thrashing horrors
  A hell knight (Vaults:5)
  6 wretched stars
  16 deep elf knights
  A sixfirhy (Abyss:4)
  A deep troll (shapeshifter) (Vaults:5)
  17 skeletal warriors
  8 deep trolls
  A spatial maelstrom (Abyss:5)
  An unseen horror (Abyss:4)
  The ghost of mopl the Tainter, a novice DrVM of Vehumet (D:7)
  A ghost moth zombie (Crypt:3)
  3 flayed ghosts
  8 swamp dragons
  2 shambling mangroves
  3 phantasmal warriors
  14 deep elf archers
  4 wizards
  A harpy (shapeshifter) (Vaults:3)
  10 ironbrand convokers
  A harpy (Vaults:3)
  11 orb spiders
  7 orc knights
  A wolf spider zombie (Tomb:2)
  A shining eye (Slime:5)
  3 oklob plants
  6 ugly things
  4 orc sorcerers
  20 wolf spiders
  42 deep elf magi
  A manticore (D:14)
  4 worldbinders
  5 cyclopes
  2 moths of wrath
  5 apocalypse crabs
  3 black mambas
  8 elephants
  5 vault sentinels
  6 smoke demons
  7 spiny frogs
  A guardian serpent (Abyss:5)
  4 orange demons
  A gargoyle (D:11)
  A hellion (Abyss:4)
  4 rime drakes
  5 demonic crawlers
  14 yaktaurs
  9 komodo dragons
  4 freezing wraiths
  10 ancient zymes
  A silent spectre (Abyss:4)
  5 trolls
  18 guardian mummies
  2 queen bees
  A death drake zombie (Crypt:2)
  A green draconian skeleton (Crypt:1)
  18 jumping spiders
  A wind drake (shapeshifter) (WizLab)
  Prince Ribbit (D:7)
  3 tyrant leeches
  20 hornets
  2 polar bears
  2 raiju (shapeshifter)
  3 raiju
  Grinder (D:6)
  17 blink frogs
  9 bog bodies
  3 blink frogs (shapeshifter)
  53 slime creatures
  5 hippogriffs
  17 large abominations
  2 air elementals
  Sigmund (D:4)
  47 redbacks
  3 water elementals
  A guardian serpent skeleton (Crypt:2)
  2 spriggans (Swamp:1)
  2 shadows
  27 tarantellas
  10 wraiths
  19 yaks
  3 ynoxinuls (Abyss:4)
  21 flying skulls
  3 wyverns
  3 ushabtiu
  4 fire elementals
  A golden eye (shapeshifter) (Abyss:5)
  A fire bat (shapeshifter) (Abyss:5)
  7 basilisks
  A hungry ghost (Abyss:4)
  4 golden eyes (Abyss:4)
  7 vampire mosquitoes
  7 chaos spawn
  A neqoxec (Abyss:5)
  4 swamp worms
  2 wargs
  2 swamp worms (shapeshifter) (Vaults:5)
  A gelid demonspawn zombie (Crypt:1)
  A soldier ant (D:10)
  3 insubstantial wisps (Abyss:4)
  An acid dragon (D:15)
  7 water moccasins
  A hell hound (Abyss:4)
  5 porcupines
  A floating eye (shapeshifter) (Vaults:5)
  2 sky beasts
  10 swamp drakes
  42 orc warriors
  27 starcursed masses
  2 black bears
  2 necrophages
  2 ogres (shapeshifter)
  2 phantoms
  2 ice beasts
  A swamp dragon zombie (Abyss:4)
  2 tengu (shapeshifter) (Abyss:5)
  27 ogres
  6 wolves (Lair:3)
  A boggart (shapeshifter) (Abyss:5)
  3 eyes of draining
  7 centaurs
  11 crocodiles
  A gnoll sergeant (D:10)
  A big kobold (D:10)
  10 bullfrogs
  18 small abominations
  2 bullfrogs (shapeshifter) (Abyss:5)
  An earth elemental (Abyss:5)
  3 scorpions
  49 killer bees
  7 wights
  4 howler monkeys
  A crimson imp (D:9)
  A quasit (D:11)
  3 bullfrog zombies
  8 centaur skeletons
  6 hounds
  19 orc priests
  A jelly (D:8)
  27 orc wizards
  A bullfrog skeleton (D:5)
  2 iguanas
  Ijyb (D:4)
  25 worker ants
  A killer bee zombie (D:5)
  A hound zombie (D:10)
  22 mummies
  Robin (D:3)
  A howler monkey skeleton (D:10)
  5 adders
  10 gnolls
  A river rat (shapeshifter) (Abyss:5)
  5 shadow imps
  A steam dragon skeleton (Crypt:2)
  An ufetubus (Abyss:4)
  An ooze (D:2)
  A halfling zombie (Crypt:3)
  A lava snake skeleton (Crypt:1)
  2 worms (D:3)
  A dart slug (D:3)
  88 orcs
  A ball python (D:1)
  A giant cockroach (D:3)
  9 goblins
  5 hobgoblins (D:3)
  A jackal (shapeshifter) (Vaults:5)
  10 jackals
  4 quokkas
  A quokka (shapeshifter) (Vaults:5)
  A bat (D:1)
  A frilled lizard (D:2)
  11 kobolds
  A leopard gecko skeleton (D:9)
  3 rats (D:3)
  2 fungi
  A lurking horror (Abyss:5)
  3 plants
  6 spectral weapons
  3 starspawn tentacles
1609 creatures vanquished.

Vanquished Creatures (collateral kills)
  A greater mummy (Tomb:1)
  Rupert (D:13)
  4 acid blobs
  A sphinx (Vaults:5)
  An ancient champion (Tomb:2)
  A tengu reaver (Vaults:4)
  3 azure jellies
  2 vault wardens (Vaults:5)
  The ghost of Frank the Fencer, a journeyman OpFi of Wu Jian (Lair:6)
  5 death oozes
  2 great orbs of eyes (Slime:5)
  A hydra (Lair:3)
  2 vault guards (Vaults:5)
  2 ogre magi
  4 death scarabs
  A two-headed ogre (Vaults:2)
  A skeletal warrior (D:14)
  3 deep trolls
  A swamp dragon (Swamp:1)
  A phantasmal warrior (Vaults:5)
  A harpy (shapeshifter) (Vaults:5)
  A shambling mangrove (Swamp:1)
  2 deep elf magi
  An orc knight (Orc:2)
  A cyclops (D:13)
  An orb spider (Spider:1)
  4 shining eyes
  A vault sentinel (Vaults:5)
  A spiny frog (Lair:6)
  A centaur skeleton (D:15)
  An orange demon (Abyss:4)
  A yaktaur (Vaults:5)
  A komodo dragon (D:14)
  2 guardian mummies
  2 hornets (Swamp:1)
  A troll (D:15)
  3 blink frogs (Lair:6)
  6 slime creatures
  A flying skull (Tomb:2)
  A wyvern (Lair:3)
  An ettin skeleton (Tomb:1)
  A hungry ghost (D:12)
  A swamp worm (Swamp:1)
  A water moccasin (Lair:6)
  4 orc warriors
  An eye of draining (Slime:5)
  A necrophage (D:13)
  2 ogres
  A crocodile (Lair:6)
  A big kobold (D:9)
  A bullfrog (D:13)
  A scorpion (D:14)
  A killer bee (Lair:3)
  A howler monkey (D:14)
  A hound (D:14)
  An orc wizard (D:14)
  2 worker ants (D:14)
  3 mummies
  A gnoll (D:9)
  2 adders (D:9)
  7 orcs
  A kobold (D:9)
107 creatures vanquished.

Vanquished Creatures (others)
  A deep elf elementalist (Elf:3)
  8 death scarabs (Tomb:2)
  2 deep elf knights (Elf:1)
  A shadow wraith (Vaults:2)
  A large abomination (Abyss:5)
  2 deep elf magi (Elf:3)
  An ancient zyme (Abyss:5)
  10 flying skulls (Tomb:2)
  An ogre (Vaults:4)
  An orc wizard (D:9)
  A gnoll shaman (D:9)
  A mummy (Tomb:2)
  16 fungi
  2 lurking horrors
  14 plants
  19 spectral weapons
  10 starspawn tentacles
91 creatures vanquished.

Grand Total: 1807 creatures vanquished

Notes
Turn   | Place    | Note
-------+----------+-------------------------------------------
     0 | D:1      | tidbits the Gnoll Skald began the quest for the Orb.
     0 | D:1      | Reached XP level 1. HP: 20/20 MP: 6/6
   134 | D:2      | Reached XP level 2. HP: 17/26 MP: 0/7
   141 | D:2      | Learned a level 2 spell: Song of Slaying
   144 | D:2      | Learned a level 2 spell: Shroud of Golubria
   171 | D:3      | Noticed Robin
   197 | D:3      | Reached XP level 3. HP: 22/31 MP: 2/9
   205 | D:3      | Killed Robin
   205 | D:3      | Reached skill level 5 in Spellcasting
   241 | D:3      | Learned a level 3 spell: Regeneration
   245 | D:3      | Learned a level 3 spell: Spectral Weapon
   274 | D:2      | Found a sacrificial altar of Ru.
   286 | D:3      | Reached skill level 1 in Invocations
   429 | D:3      | Reached skill level 1 in Short Blades
   429 | D:3      | Reached skill level 1 in Long Blades
   429 | D:3      | Reached skill level 1 in Maces & Flails
   429 | D:3      | Reached skill level 1 in Polearms
   429 | D:3      | Reached skill level 1 in Staves
   429 | D:3      | Reached skill level 1 in Slings
   429 | D:3      | Reached skill level 1 in Bows
   429 | D:3      | Reached skill level 1 in Crossbows
   429 | D:3      | Reached skill level 1 in Throwing
   429 | D:3      | Reached skill level 1 in Stealth
   429 | D:3      | Reached skill level 1 in Shields
   429 | D:3      | Reached skill level 1 in Unarmed Combat
   429 | D:3      | Reached skill level 1 in Evocations
   462 | D:4      | Reached XP level 4. HP: 33/38 MP: 7/11
   525 | D:5      | Entered Level 5 of the Dungeon
   578 | D:4      | Noticed Sigmund
   581 | D:4      | Reached skill level 1 in Conjurations
   581 | D:4      | Reached skill level 1 in Hexes
   581 | D:4      | Reached skill level 1 in Summonings
   581 | D:4      | Reached skill level 1 in Necromancy
   581 | D:4      | Reached skill level 1 in Translocations
   581 | D:4      | Reached skill level 1 in Transmutations
   581 | D:4      | Reached skill level 1 in Fire Magic
   581 | D:4      | Reached skill level 1 in Ice Magic
   581 | D:4      | Reached skill level 1 in Air Magic
   581 | D:4      | Reached skill level 1 in Earth Magic
   581 | D:4      | Reached skill level 1 in Poison Magic
   581 | D:4      | Reached XP level 5. HP: 40/43 MP: 5/12
   582 | D:4      | Gained mutation: You evolve. [potion of mutation]
   582 | D:4      | Gained mutation: Armour fits poorly on your strangely shaped body. [potion of mutation]
   582 | D:4      | Gained mutation: You are covered in fur. (AC +1) [potion of mutation]
   595 | D:4      | Killed Sigmund
   595 | D:4      | Reached skill level 5 in Fighting
   595 | D:4      | Reached skill level 5 in Axes
   595 | D:4      | Reached skill level 3 in Armour
   595 | D:4      | Reached skill level 5 in Dodging
   595 | D:4      | Reached skill level 2 in Invocations
   595 | D:4      | Reached XP level 6. HP: 45/51 MP: 8/14
   598 | D:4      | Reached skill level 2 in Short Blades
   598 | D:4      | Reached skill level 2 in Long Blades
   598 | D:4      | Reached skill level 2 in Maces & Flails
   598 | D:4      | Reached skill level 2 in Polearms
   598 | D:4      | Reached skill level 2 in Staves
   598 | D:4      | Reached skill level 2 in Slings
   598 | D:4      | Reached skill level 2 in Bows
   598 | D:4      | Reached skill level 2 in Crossbows
   598 | D:4      | Reached skill level 2 in Throwing
   598 | D:4      | Reached skill level 2 in Stealth
   598 | D:4      | Reached skill level 2 in Shields
   598 | D:4      | Reached skill level 2 in Unarmed Combat
   598 | D:4      | Reached skill level 2 in Evocations
   663 | D:4      | Noticed Ijyb
   669 | D:4      | Killed Ijyb
   720 | D:4      | Reached XP level 7. HP: 50/56 MP: 11/15
   836 | D:5      | Found a staircase to the Ecumenical Temple.
   850 | D:5      | Reached skill level 2 in Conjurations
   850 | D:5      | Reached skill level 2 in Hexes
   850 | D:5      | Reached skill level 2 in Summonings
   850 | D:5      | Reached skill level 2 in Necromancy
   850 | D:5      | Reached skill level 2 in Translocations
   850 | D:5      | Reached skill level 2 in Transmutations
   850 | D:5      | Reached skill level 2 in Fire Magic
   850 | D:5      | Reached skill level 2 in Ice Magic
   850 | D:5      | Reached skill level 2 in Air Magic
   850 | D:5      | Reached skill level 2 in Earth Magic
   850 | D:5      | Reached skill level 2 in Poison Magic
   856 | Temple   | Entered the Ecumenical Temple
   922 | Temple   | Became a worshipper of Cheibriados the Contemplative
  1016 | D:5      | Reached skill level 3 in Invocations
  1049 | D:5      | Got a crude dagger
  1175 | D:5      | Reached skill level 6 in Charms
  1175 | D:5      | Reached XP level 8. HP: 63/63 MP: 12/16
  1318 | D:6      | Reached skill level 3 in Short Blades
  1318 | D:6      | Reached skill level 3 in Long Blades
  1318 | D:6      | Reached skill level 3 in Maces & Flails
  1318 | D:6      | Reached skill level 3 in Polearms
  1318 | D:6      | Reached skill level 3 in Staves
  1318 | D:6      | Reached skill level 3 in Slings
  1318 | D:6      | Reached skill level 3 in Bows
  1318 | D:6      | Reached skill level 3 in Crossbows
  1318 | D:6      | Reached skill level 3 in Throwing
  1318 | D:6      | Reached skill level 4 in Armour
  1318 | D:6      | Reached skill level 3 in Stealth
  1318 | D:6      | Reached skill level 3 in Shields
  1318 | D:6      | Reached skill level 3 in Unarmed Combat
  1318 | D:6      | Reached skill level 3 in Evocations
  1331 | D:6      | Noticed Grinder
  1339 | D:6      | Identified the +10 dagger of Oqetysh {venom, rC+ Int+3 Dex+4} (You found it on level 5 of the Dungeon)
  1349 | D:6      | Killed Grinder
  1349 | D:6      | Reached * piety under Cheibriados
  1349 | D:6      | Reached skill level 6 in Spellcasting
  1617 | D:7      | Reached skill level 4 in Invocations
  1630 | D:8      | Gained mutation: You possess an exceptional clarity of mind. [evolution]
  1636 | D:8      | Reached skill level 3 in Conjurations
  1636 | D:8      | Reached skill level 3 in Hexes
  1636 | D:8      | Reached skill level 3 in Summonings
  1636 | D:8      | Reached skill level 3 in Necromancy
  1636 | D:8      | Reached skill level 3 in Translocations
  1636 | D:8      | Reached skill level 3 in Transmutations
  1636 | D:8      | Reached skill level 3 in Fire Magic
  1636 | D:8      | Reached skill level 3 in Ice Magic
  1636 | D:8      | Reached skill level 3 in Air Magic
  1636 | D:8      | Reached skill level 3 in Earth Magic
  1636 | D:8      | Reached skill level 3 in Poison Magic
  1704 | D:7      | Reached skill level 6 in Fighting
  1704 | D:7      | Reached skill level 6 in Axes
  1704 | D:7      | Reached skill level 6 in Dodging
  1704 | D:7      | Reached XP level 9. HP: 69/69 MP: 18/18
  1729 | D:7      | Reached ** piety under Cheibriados
  1752 | D:7      | Noticed Prince Ribbit
  1762 | D:7      | Killed Prince Ribbit
  1775 | D:7      | Reached skill level 4 in Short Blades
  1775 | D:7      | Reached skill level 4 in Long Blades
  1775 | D:7      | Reached skill level 4 in Maces & Flails
  1775 | D:7      | Reached skill level 4 in Polearms
  1775 | D:7      | Reached skill level 4 in Staves
  1775 | D:7      | Reached skill level 4 in Slings
  1775 | D:7      | Reached skill level 4 in Bows
  1775 | D:7      | Reached skill level 4 in Crossbows
  1775 | D:7      | Reached skill level 4 in Throwing
  1775 | D:7      | Reached skill level 4 in Stealth
  1775 | D:7      | Reached skill level 4 in Shields
  1775 | D:7      | Reached skill level 4 in Unarmed Combat
  1775 | D:7      | Reached skill level 4 in Evocations
  1779 | D:7      | Noticed mopl's ghost (novice DrVM)
  1788 | D:7      | Killed mopl's ghost
  1788 | D:7      | Reached skill level 5 in Armour
  1890 | D:9      | Noticed Amaterasu's ghost (journeyman FoFi)
  1905 | D:9      | Killed Amaterasu's ghost
  1905 | D:9      | Reached skill level 7 in Spellcasting
  1905 | D:9      | Reached skill level 4 in Conjurations
  1905 | D:9      | Reached skill level 4 in Hexes
  1905 | D:9      | Reached skill level 4 in Summonings
  1905 | D:9      | Reached skill level 4 in Necromancy
  1905 | D:9      | Reached skill level 4 in Translocations
  1905 | D:9      | Reached skill level 4 in Transmutations
  1905 | D:9      | Reached skill level 4 in Fire Magic
  1905 | D:9      | Reached skill level 4 in Ice Magic
  1905 | D:9      | Reached skill level 4 in Air Magic
  1905 | D:9      | Reached skill level 4 in Earth Magic
  1905 | D:9      | Reached skill level 4 in Poison Magic
  1905 | D:9      | Reached skill level 5 in Invocations
  1905 | D:9      | Reached XP level 10. HP: 69/77 MP: 10/20
  1931 | D:9      | Reached skill level 5 in Short Blades
  1931 | D:9      | Reached skill level 5 in Long Blades
  1931 | D:9      | Reached skill level 5 in Maces & Flails
  1931 | D:9      | Reached skill level 5 in Polearms
  1931 | D:9      | Reached skill level 5 in Staves
  1931 | D:9      | Reached skill level 5 in Slings
  1931 | D:9      | Reached skill level 5 in Bows
  1931 | D:9      | Reached skill level 5 in Crossbows
  1931 | D:9      | Reached skill level 5 in Throwing
  1931 | D:9      | Reached skill level 5 in Stealth
  1931 | D:9      | Reached skill level 5 in Shields
  1931 | D:9      | Reached skill level 5 in Unarmed Combat
  1931 | D:9      | Reached skill level 5 in Evocations
  1978 | D:10     | Entered Level 10 of the Dungeon
  2001 | D:10     | Reached skill level 7 in Charms
  2022 | D:10     | Reached *** piety under Cheibriados
  2022 | D:10     | Reached skill level 7 in Fighting
  2022 | D:10     | Reached skill level 7 in Axes
  2022 | D:10     | Reached skill level 7 in Dodging
  2130 | D:10     | Noticed a centaur warrior
  2137 | D:10     | Reached skill level 6 in Armour
  2140 | D:10     | Killed a centaur warrior
  2156 | D:10     | You fall through a shaft!
  2158 | D:11     | Noticed a green ugly thing
  2162 | D:11     | Noticed a gargoyle
  2175 | D:11     | Killed a gargoyle
  2175 | D:11     | Reached skill level 6 in Invocations
  2191 | D:11     | Noticed a cyclops
  2198 | D:11     | Killed a cyclops
  2322 | D:12     | Reached XP level 11. HP: 84/84 MP: 22/22
  2374 | D:12     | Noticed a two-headed ogre
  2390 | D:12     | Killed a two-headed ogre
  2467 | D:11     | Noticed Erolcha
  2476 | D:11     | Killed Erolcha
  2476 | D:11     | Reached skill level 6 in Short Blades
  2476 | D:11     | Reached skill level 6 in Long Blades
  2476 | D:11     | Reached skill level 6 in Maces & Flails
  2476 | D:11     | Reached skill level 6 in Polearms
  2476 | D:11     | Reached skill level 6 in Staves
  2476 | D:11     | Reached skill level 6 in Slings
  2476 | D:11     | Reached skill level 6 in Bows
  2476 | D:11     | Reached skill level 6 in Crossbows
  2476 | D:11     | Reached skill level 6 in Throwing
  2476 | D:11     | Reached skill level 6 in Stealth
  2476 | D:11     | Reached skill level 6 in Shields
  2476 | D:11     | Reached skill level 6 in Unarmed Combat
  2476 | D:11     | Reached skill level 5 in Conjurations
  2476 | D:11     | Reached skill level 5 in Hexes
  2476 | D:11     | Reached skill level 5 in Summonings
  2476 | D:11     | Reached skill level 5 in Necromancy
  2476 | D:11     | Reached skill level 5 in Translocations
  2476 | D:11     | Reached skill level 5 in Transmutations
  2476 | D:11     | Reached skill level 5 in Fire Magic
  2476 | D:11     | Reached skill level 5 in Ice Magic
  2476 | D:11     | Reached skill level 5 in Air Magic
  2476 | D:11     | Reached skill level 5 in Earth Magic
  2476 | D:11     | Reached skill level 5 in Poison Magic
  2476 | D:11     | Reached skill level 6 in Evocations
  2537 | D:11     | Reached skill level 8 in Spellcasting
  2543 | D:11     | Killed a green ugly thing
  2562 | D:11     | Reached **** piety under Cheibriados
  2567 | D:11     | Found a staircase to the Orcish Mines.
  2646 | D:11     | Found a roughly hewn altar of Beogh.
  2670 | Orc:1    | Entered Level 1 of the Orcish Mines
  2735 | Orc:2    | Entered Level 2 of the Orcish Mines
  2803 | Orc:2    | Reached skill level 7 in Invocations
  2818 | Orc:2    | Noticed an orc knight
  2825 | Orc:2    | Killed an orc knight
  2825 | Orc:2    | Reached skill level 8 in Fighting
  2825 | Orc:2    | Reached skill level 8 in Axes
  2825 | Orc:2    | Reached skill level 7 in Armour
  2825 | Orc:2    | Reached skill level 8 in Dodging
  2888 | Orc:2    | Found a staircase to the Elven Halls.
  2910 | Orc:1    | Noticed an orc sorcerer
  2916 | Orc:1    | Killed an orc sorcerer
  3055 | Orc:2    | Noticed an ettin
  3071 | Orc:2    | Killed an ettin
  3089 | Orc:1    | Noticed a stone giant
  3089 | Orc:1    | Noticed a cyclops
  3090 | Orc:1    | Reached XP level 12. HP: 93/93 MP: 22/24
  3094 | Orc:1    | Killed a stone giant
  3094 | Orc:1    | Reached skill level 8 in Charms
  3107 | Orc:1    | Reached skill level 7 in Short Blades
  3107 | Orc:1    | Reached skill level 7 in Long Blades
  3107 | Orc:1    | Reached skill level 7 in Maces & Flails
  3107 | Orc:1    | Reached skill level 7 in Polearms
  3107 | Orc:1    | Reached skill level 7 in Staves
  3107 | Orc:1    | Reached skill level 7 in Slings
  3107 | Orc:1    | Reached skill level 7 in Bows
  3107 | Orc:1    | Reached skill level 7 in Crossbows
  3107 | Orc:1    | Reached skill level 7 in Throwing
  3107 | Orc:1    | Reached skill level 7 in Stealth
  3107 | Orc:1    | Reached skill level 7 in Shields
  3107 | Orc:1    | Reached skill level 7 in Unarmed Combat
  3107 | Orc:1    | Reached skill level 7 in Evocations
  3179 | Orc:2    | Noticed a two-headed ogre
  3191 | Orc:2    | Killed a two-headed ogre
  3328 | Orc:2    | Noticed an orc warlord
  3356 | Orc:2    | Killed an orc warlord
  3356 | Orc:2    | Reached skill level 6 in Conjurations
  3356 | Orc:2    | Reached skill level 6 in Hexes
  3356 | Orc:2    | Reached skill level 6 in Summonings
  3356 | Orc:2    | Reached skill level 6 in Necromancy
  3356 | Orc:2    | Reached skill level 6 in Translocations
  3356 | Orc:2    | Reached skill level 6 in Transmutations
  3356 | Orc:2    | Reached skill level 6 in Fire Magic
  3356 | Orc:2    | Reached skill level 6 in Ice Magic
  3356 | Orc:2    | Reached skill level 6 in Air Magic
  3356 | Orc:2    | Reached skill level 6 in Earth Magic
  3356 | Orc:2    | Reached skill level 6 in Poison Magic
  3359 | Orc:2    | Reached skill level 8 in Invocations
  3419 | Orc:2    | Noticed Nergalle
  3454 | Orc:2    | Reached skill level 9 in Spellcasting
  3483 | Orc:2    | Noticed an orc high priest
  3548 | Orc:2    | Killed Nergalle
  3583 | Orc:2    | Noticed a soul eater
  3589 | Orc:2    | Killed an orc high priest
  3599 | Orc:2    | Noticed Urug
  3622 | Orc:2    | Reached skill level 8 in Armour
  3663 | Orc:2    | Found a roughly hewn altar of Beogh.
  3692 | Orc:2    | Killed Urug
  3743 | Orc:2    | Found Qutogg's General Store.
  3760 | Orc:2    | Reached skill level 9 in Fighting
  3760 | Orc:2    | Reached skill level 9 in Axes
  3760 | Orc:2    | Reached skill level 9 in Dodging
  3777 | Orc:2    | Found Dudaniv's Antique Armour Boutique.
  3795 | Orc:2    | Found Hejexkimeh's Jewellery Boutique.
  3813 | Orc:2    | Found Cugaumil's Antique Weapon Boutique.
  3835 | Orc:2    | Bought an uncursed ring of resist corrosion for 260 gold pieces
  3853 | Orc:2    | Bought a scroll of identify for 34 gold pieces
  3853 | Orc:2    | Bought a scroll of teleportation for 51 gold pieces
  3870 | Orc:2    | Bought a pair of runed gloves for 225 gold pieces
  3971 | Elf:1    | Entered Level 1 of the Elven Halls
  3997 | Elf:1    | Found a magical portal.
  4005 | WizLab   | Entered Cigotuvi's Fleshworks
  4021 | WizLab   | Noticed a brown very ugly thing
  4023 | WizLab   | Noticed a brown very ugly thing
  4047 | WizLab   | Reached XP level 13. HP: 95/101 MP: 23/26
  4128 | WizLab   | Learned a level 5 spell: Irradiate
  4130 | WizLab   | Identified Cigotuvi's Disquisition on Doomed Shape Shifting
  4140 | WizLab   | Learned a level 6 spell: Statue Form
  4146 | WizLab   | Learned a level 5 spell: Blade Hands
  4154 | WizLab   | Noticed a brown very ugly thing
  4154 | WizLab   | Noticed Cigotuvi's Monster
  4217 | WizLab   | Killed a brown very ugly thing
  4308 | WizLab   | Gained mutation: You are frail. (-10% HP) [mutagenic glow]
  4324 | WizLab   | Lost mutation: You are covered in fur. (AC +1) [potion of mutation]
  4324 | WizLab   | Lost mutation: You are frail. (-10% HP) [potion of mutation]
  4324 | WizLab   | Gained mutation: You are partially covered in yellow scales. (AC +2) [potion of mutation]
  4324 | WizLab   | Gained mutation: You are mostly covered in yellow scales. (AC +3) [potion of mutation]
  4325 | WizLab   | Lost mutation: You possess an exceptional clarity of mind. [potion of mutation]
  4325 | WizLab   | Lost mutation: Armour fits poorly on your strangely shaped body. [potion of mutation]
  4325 | WizLab   | Gained mutation: You have sharp toenails. [potion of mutation]
  4325 | WizLab   | Gained mutation: You are partially covered in icy blue scales. (AC +2) [potion of mutation]
  4325 | WizLab   | Gained mutation: Your flesh is heat resistant. (rF+) [potion of mutation]
  4344 | WizLab   | Noticed an ettin
  4344 | WizLab   | an anaconda changed into an ettin
  4347 | WizLab   | an ettin changed into an anaconda
  4420 | Elf:1    | Noticed a deep elf death mage
  4426 | Elf:1    | Killed a deep elf death mage
  4426 | Elf:1    | Reached skill level 8 in Short Blades
  4426 | Elf:1    | Reached skill level 8 in Long Blades
  4426 | Elf:1    | Reached skill level 8 in Maces & Flails
  4426 | Elf:1    | Reached skill level 8 in Polearms
  4426 | Elf:1    | Reached skill level 8 in Staves
  4426 | Elf:1    | Reached skill level 8 in Slings
  4426 | Elf:1    | Reached skill level 8 in Bows
  4426 | Elf:1    | Reached skill level 8 in Crossbows
  4426 | Elf:1    | Reached skill level 8 in Throwing
  4426 | Elf:1    | Reached skill level 8 in Stealth
  4426 | Elf:1    | Reached skill level 8 in Shields
  4426 | Elf:1    | Reached skill level 8 in Unarmed Combat
  4426 | Elf:1    | Reached skill level 8 in Evocations
  4442 | Elf:2    | Noticed a deep elf demonologist
  4443 | Elf:2    | Found Plog's Assorted Antiques.
  4444 | Elf:2    | Noticed Aizul
  4456 | Elf:1    | Noticed a deep elf elementalist
  4473 | Elf:1    | Killed a deep elf elementalist
  4473 | Elf:1    | Reached skill level 9 in Invocations
  4502 | Elf:2    | Found Vuwnid's Gadget Emporium.
  4512 | Elf:2    | Killed a deep elf demonologist
  4514 | Elf:2    | Noticed a deep elf death mage
  4521 | Elf:2    | Killed a deep elf death mage
  4532 | Elf:2    | Killed a ghostly deep elf death mage
  4532 | Elf:2    | Reached skill level 7 in Conjurations
  4532 | Elf:2    | Reached skill level 7 in Hexes
  4532 | Elf:2    | Reached skill level 9 in Charms
  4532 | Elf:2    | Reached skill level 7 in Summonings
  4532 | Elf:2    | Reached skill level 7 in Necromancy
  4532 | Elf:2    | Reached skill level 7 in Translocations
  4532 | Elf:2    | Reached skill level 7 in Transmutations
  4532 | Elf:2    | Reached skill level 7 in Fire Magic
  4532 | Elf:2    | Reached skill level 7 in Ice Magic
  4532 | Elf:2    | Reached skill level 7 in Air Magic
  4532 | Elf:2    | Reached skill level 7 in Earth Magic
  4532 | Elf:2    | Reached skill level 7 in Poison Magic
  4539 | Elf:2    | Bought a wand of clouds (2) for 288 gold pieces
  4539 | Elf:2    | Bought a wand of iceblast (5) for 144 gold pieces
  4574 | Elf:2    | Bought a scroll labeled ZAEJOESOAM for 24 gold pieces
  4574 | Elf:2    | Bought a small platinum amulet for 120 gold pieces
  4593 | Elf:2    | Killed Aizul
  4596 | Elf:3    | Entered Level 3 of the Elven Halls
  4612 | Elf:3    | Reached skill level 9 in Armour
  4654 | Elf:3    | Reached skill level 10 in Spellcasting
  4761 | Elf:3    | Reached XP level 14. HP: 109/109 MP: 28/28
  4829 | Elf:3    | Noticed dscm's ghost (adept DsFi)
  4841 | Elf:3    | Killed dscm's ghost
  4880 | Elf:3    | Reached skill level 10 in Fighting
  4880 | Elf:3    | Reached skill level 10 in Axes
  4880 | Elf:3    | Reached skill level 10 in Dodging
  4922 | Elf:3    | Identified a scroll of acquirement
  5022 | Elf:3    | Got a coiled lead ring
  5024 | Elf:3    | Identified the ring "Omotzene" {Fire rElec Dex+2 Slay+3} (You acquired it on level 3 of the Elven Halls)
  5038 | Elf:3    | Noticed a deep elf elementalist
  5040 | Elf:3    | Noticed a deep elf elementalist
  5041 | Elf:3    | Noticed a deep elf blademaster
  5041 | Elf:3    | Noticed a deep elf blademaster
  5042 | Elf:3    | Reached skill level 9 in Short Blades
  5042 | Elf:3    | Reached skill level 9 in Long Blades
  5042 | Elf:3    | Reached skill level 9 in Maces & Flails
  5042 | Elf:3    | Reached skill level 9 in Polearms
  5042 | Elf:3    | Reached skill level 9 in Staves
  5042 | Elf:3    | Reached skill level 9 in Slings
  5042 | Elf:3    | Reached skill level 9 in Bows
  5042 | Elf:3    | Reached skill level 9 in Crossbows
  5042 | Elf:3    | Reached skill level 9 in Throwing
  5042 | Elf:3    | Reached skill level 9 in Stealth
  5042 | Elf:3    | Reached skill level 9 in Shields
  5042 | Elf:3    | Reached skill level 9 in Unarmed Combat
  5042 | Elf:3    | Reached skill level 9 in Evocations
  5043 | Elf:3    | Noticed a deep elf elementalist
  5044 | Elf:3    | Noticed a deep elf annihilator
  5044 | Elf:3    | Noticed a deep elf demonologist
  5046 | Elf:3    | Killed a deep elf elementalist
  5047 | Elf:3    | Noticed a deep elf elementalist
  5047 | Elf:3    | Noticed a deep elf annihilator
  5048 | Elf:3    | Killed a deep elf blademaster
  5048 | Elf:3    | Reached ***** piety under Cheibriados
  5051 | Elf:3    | Noticed a deep elf master archer
  5051 | Elf:3    | Killed a deep elf blademaster
  5053 | Elf:3    | Reached skill level 10 in Invocations
  5054 | Elf:3    | Noticed a deep elf annihilator
  5054 | Elf:3    | Noticed a deep elf master archer
  5055 | Elf:3    | Killed a deep elf elementalist
  5056 | Elf:3    | Killed a deep elf annihilator
  5057 | Elf:3    | Noticed a deep elf sorcerer
  5058 | Elf:3    | Noticed a deep elf annihilator
  5059 | Elf:3    | Noticed a deep elf elementalist
  5060 | Elf:3    | Killed a deep elf master archer
  5060 | Elf:3    | Killed a deep elf master archer
  5060 | Elf:3    | Killed a deep elf elementalist
  5060 | Elf:3    | Killed a deep elf demonologist
  5062 | Elf:3    | Killed a ghostly deep elf master archer
  5062 | Elf:3    | Killed a deep elf sorcerer
  5062 | Elf:3    | Reached skill level 8 in Conjurations
  5062 | Elf:3    | Reached skill level 8 in Hexes
  5062 | Elf:3    | Reached skill level 8 in Summonings
  5062 | Elf:3    | Reached skill level 8 in Necromancy
  5062 | Elf:3    | Reached skill level 8 in Translocations
  5062 | Elf:3    | Reached skill level 8 in Transmutations
  5062 | Elf:3    | Reached skill level 8 in Fire Magic
  5062 | Elf:3    | Reached skill level 8 in Ice Magic
  5062 | Elf:3    | Reached skill level 8 in Air Magic
  5062 | Elf:3    | Reached skill level 8 in Earth Magic
  5062 | Elf:3    | Reached skill level 8 in Poison Magic
  5062 | Elf:3    | Reached XP level 15. HP: 86/117 MP: 20/29
  5065 | Elf:3    | Killed a deep elf elementalist
  5065 | Elf:3    | Reached skill level 10 in Armour
  5066 | Elf:3    | Noticed a deep elf sorcerer
  5070 | Elf:3    | Killed a deep elf sorcerer
  5081 | Elf:3    | Killed a deep elf elementalist
  5183 | Elf:3    | Found the +4 arc blade {discharge, rElec}
  5298 | Elf:3    | Reached skill level 11 in Spellcasting
  5301 | Elf:3    | Got a bloodstained robe
  5313 | Elf:3    | Reached skill level 10 in Charms
  5321 | Elf:3    | Got a brightly glowing war axe {flame}
  5321 | Elf:3    | Got a slimy silver ring
  5347 | Elf:3    | Identified the +1 robe "Peroheij" {rPois rF++ Slay-5 Stlth+} (You took it off a deep elf mage on level 3 of the Elven Halls)
  5348 | Elf:3    | Identified the +5 war axe "Daapalol" {flame, MR+} (You took it off a deep elf mage on level 3 of the Elven Halls)
  5386 | Elf:3    | Identified the ring "Recvurag" {rPois rF+ SInv} (You took it off a deep elf knight on level 3 of the Elven Halls)
  5409 | Elf:3    | Learned a level 1 spell: Apportation
  5411 | Elf:3    | Learned a level 1 spell: Animate Skeleton
  5524 | Elf:3    | Found the +4 Vampire's Tooth {vamp}
  5529 | Elf:3    | Identified the Guide on Enhancements and Lightness
  5536 | Elf:3    | Learned a level 4 spell: Summon Lightning Spire
  5537 | Elf:3    | Got a warped granite ring
  5539 | Elf:3    | Identified the ring "Meraxirhi" {rN+ MR+ MP+9 Dex-5} (You found it on level 3 of the Elven Halls)
  5606 | Elf:2    | Bought a wand of digging (15) for 608 gold pieces
  5646 | Elf:1    | Reached skill level 10 in Short Blades
  5646 | Elf:1    | Reached skill level 10 in Long Blades
  5646 | Elf:1    | Reached skill level 10 in Maces & Flails
  5646 | Elf:1    | Reached skill level 10 in Polearms
  5646 | Elf:1    | Reached skill level 10 in Staves
  5646 | Elf:1    | Reached skill level 10 in Slings
  5646 | Elf:1    | Reached skill level 10 in Bows
  5646 | Elf:1    | Reached skill level 10 in Crossbows
  5646 | Elf:1    | Reached skill level 10 in Throwing
  5646 | Elf:1    | Reached skill level 10 in Stealth
  5646 | Elf:1    | Reached skill level 10 in Shields
  5646 | Elf:1    | Reached skill level 10 in Unarmed Combat
  5646 | Elf:1    | Reached skill level 10 in Evocations
  5646 | Elf:1    | Reached skill level 11 in Axes
  5648 | Elf:1    | Noticed hexophile's ghost (journeyman TrMo)
  5664 | Elf:1    | Killed hexophile's ghost
  5665 | Elf:1    | HP: 12/152 [something/shard of ice (32)]
  5670 | Elf:1    | Reached skill level 11 in Fighting
  5670 | Elf:1    | Reached skill level 11 in Dodging
  5758 | Elf:1    | Reached skill level 11 in Invocations
  6017 | D:10     | Found a sacrificial altar of Ru.
  6024 | D:10     | Identified the Handbook of Boosts and Execration (You acquired it on level 10 of the Dungeon)
  6025 | D:10     | Identified the Almanac of Burning Ice (You acquired it on level 10 of the Dungeon)
  6135 | D:10     | Learned a level 4 spell: Olgreb's Toxic Radiance
  6297 | D:8      | Found a white marble altar of Elyvilon.
  6370 | D:8      | Found a staircase to the Lair.
  6384 | Lair:1   | Entered Level 1 of the Lair of Beasts
  6389 | Lair:1   | Noticed Erica
  6395 | Lair:1   | Killed Erica
  6498 | Lair:1   | Reached XP level 16. HP: 115/125 MP: 31/31
  6855 | Lair:2   | Gained mutation: You are agile. (Dex +2) [evolution]
  6860 | Lair:2   | Reached ****** piety under Cheibriados
  7198 | Lair:4   | Got a twisted rapier
  7199 | Lair:4   | Identified the +6 rapier of the Four Stories {speed, +Fly Dex+5 SInv} (You found it on level 4 of the Lair of Beasts)
  7235 | Lair:4   | Reached skill level 12 in Axes
  7235 | Lair:4   | Reached skill level 9 in Conjurations
  7235 | Lair:4   | Reached skill level 9 in Hexes
  7235 | Lair:4   | Reached skill level 9 in Summonings
  7235 | Lair:4   | Reached skill level 9 in Necromancy
  7235 | Lair:4   | Reached skill level 9 in Translocations
  7235 | Lair:4   | Reached skill level 9 in Transmutations
  7235 | Lair:4   | Reached skill level 9 in Fire Magic
  7235 | Lair:4   | Reached skill level 9 in Ice Magic
  7235 | Lair:4   | Reached skill level 9 in Air Magic
  7235 | Lair:4   | Reached skill level 9 in Earth Magic
  7235 | Lair:4   | Reached skill level 9 in Poison Magic
  7281 | Lair:5   | Found the amulet of the Four Winds {rN+ MR+++ Clar}
  7361 | Lair:6   | Entered Level 6 of the Lair of Beasts
  7384 | Lair:5   | Reached skill level 11 in Unarmed Combat
  7394 | Lair:6   | Noticed Frank's ghost (journeyman OpFi)
  7435 | Lair:4   | Found a hole to the Spider Nest.
  7456 | Spider:1 | Entered Level 1 of the Spider Nest
  7456 | Spider:1 | Noticed Roxanne
  7458 | Spider:1 | Noticed Josephine
  7461 | Spider:1 | Reached skill level 11 in Armour
  7464 | Spider:1 | Killed Josephine
  7489 | Spider:1 | Killed Roxanne
  7523 | Spider:2 | Noticed Arachne
  7539 | Spider:2 | Killed Arachne
  7654 | Spider:3 | Reached skill level 11 in Short Blades
  7654 | Spider:3 | Reached skill level 11 in Long Blades
  7654 | Spider:3 | Reached skill level 11 in Maces & Flails
  7654 | Spider:3 | Reached skill level 11 in Polearms
  7654 | Spider:3 | Reached skill level 11 in Staves
  7654 | Spider:3 | Reached skill level 11 in Slings
  7654 | Spider:3 | Reached skill level 11 in Bows
  7654 | Spider:3 | Reached skill level 11 in Crossbows
  7654 | Spider:3 | Reached skill level 11 in Throwing
  7654 | Spider:3 | Reached skill level 11 in Stealth
  7654 | Spider:3 | Reached skill level 11 in Shields
  7654 | Spider:3 | Reached skill level 11 in Evocations
  7696 | Spider:4 | Entered Level 4 of the Spider Nest
  7696 | Spider:4 | Noticed Agnes
  7711 | Spider:4 | Reached skill level 12 in Spellcasting
  7713 | Spider:4 | Killed Agnes
  7713 | Spider:4 | Reached XP level 17. HP: 120/133 MP: 10/33
  7741 | Spider:4 | Reached skill level 12 in Invocations
  7777 | Spider:4 | Reached skill level 12 in Unarmed Combat
  7827 | Spider:4 | Reached skill level 12 in Fighting
  7827 | Spider:4 | Reached skill level 13 in Axes
  7827 | Spider:4 | Reached skill level 12 in Dodging
  7855 | Spider:4 | Reached skill level 11 in Charms
  7906 | Spider:4 | Got a gossamer rune of Zot
  7968 | Spider:4 | Noticed Nikola
  7979 | Spider:4 | Killed Nikola
  8316 | Lair:4   | Found a staircase to the Swamp.
  8343 | Swamp:1  | Entered Level 1 of the Swamp
  8566 | Swamp:3  | Reached skill level 10 in Conjurations
  8566 | Swamp:3  | Reached skill level 10 in Hexes
  8566 | Swamp:3  | Reached skill level 10 in Summonings
  8566 | Swamp:3  | Reached skill level 10 in Necromancy
  8566 | Swamp:3  | Reached skill level 10 in Translocations
  8566 | Swamp:3  | Reached skill level 10 in Transmutations
  8566 | Swamp:3  | Reached skill level 10 in Fire Magic
  8566 | Swamp:3  | Reached skill level 10 in Ice Magic
  8566 | Swamp:3  | Reached skill level 10 in Air Magic
  8566 | Swamp:3  | Reached skill level 10 in Earth Magic
  8566 | Swamp:3  | Reached skill level 10 in Poison Magic
  8576 | Swamp:4  | Entered Level 4 of the Swamp
  8670 | Swamp:4  | Noticed Ashar's ghost (adept DsBe)
  8683 | Swamp:4  | Killed Ashar's ghost
  8731 | Swamp:4  | Reached skill level 13 in Unarmed Combat
  8740 | Swamp:4  | Reached skill level 12 in Armour
  8740 | Swamp:4  | Reached XP level 18. HP: 141/141 MP: 34/34
  8806 | Swamp:4  | Reached skill level 14 in Axes
  8827 | Swamp:4  | Noticed the 27-headed Lernaean hydra
  8833 | Swamp:4  | Killed the 23-headed Lernaean hydra
  8840 | Swamp:4  | Got a decaying rune of Zot
  8849 | Swamp:4  | Learned a level 6 spell: Shadow Creatures
  9046 | Lair:5   | Noticed Nessos
  9056 | Lair:5   | Killed Nessos
  9104 | Lair:5   | Reached skill level 12 in Short Blades
  9104 | Lair:5   | Reached skill level 12 in Long Blades
  9104 | Lair:5   | Reached skill level 12 in Maces & Flails
  9104 | Lair:5   | Reached skill level 12 in Polearms
  9104 | Lair:5   | Reached skill level 12 in Staves
  9104 | Lair:5   | Reached skill level 12 in Slings
  9104 | Lair:5   | Reached skill level 12 in Bows
  9104 | Lair:5   | Reached skill level 12 in Crossbows
  9104 | Lair:5   | Reached skill level 12 in Throwing
  9104 | Lair:5   | Reached skill level 12 in Stealth
  9104 | Lair:5   | Reached skill level 12 in Shields
  9104 | Lair:5   | Reached skill level 12 in Evocations
  9229 | Lair:6   | Killed Frank's ghost
  9229 | Lair:6   | Reached skill level 13 in Invocations
  9387 | Lair:6   | Found a runed door.
  9388 | Lair:6   | Found a viscous altar of Jiyva.
  9390 | Lair:6   | Found a staircase to the Slime Pits.
  9410 | Slime:1  | Entered Level 1 of the Pits of Slime
  9454 | Slime:2  | Reached skill level 13 in Spellcasting
  9476 | Slime:2  | Gained mutation: You expend magic power (3 MP) to strengthen your wands. [a shining eye]
  9520 | Slime:5  | Entered Level 5 of the Pits of Slime
  9534 | Slime:5  | Lost mutation: You evolve. [evolution]
  9557 | Slime:5  | Reached skill level 13 in Fighting
  9557 | Slime:5  | Reached skill level 13 in Dodging
  9565 | Slime:5  | Reached skill level 14 in Unarmed Combat
  9583 | Slime:5  | Noticed the Royal Jelly
  9591 | Slime:5  | Reached XP level 19. HP: 64/149 MP: 10/36
  9599 | Slime:5  | HP: 17/193 [large slime creature (25)]
  9628 | Slime:5  | Found a viscous altar of Jiyva.
  9632 | Slime:5  | Found the +6 lightning scales {run, rElec}
  9701 | Slime:5  | Reached skill level 15 in Axes
  9741 | Slime:5  | Killed the Royal Jelly
  9821 | Slime:5  | Identified the +3 buckler "Pycomnoh" {rF++ MR+} (You found it on level 5 of the Pits of Slime)
  9828 | Slime:5  | Got a pitted copper ring
  9828 | Slime:5  | Got a slimy rune of Zot
  9838 | Slime:5  | Learned a level 2 spell: Sublimation of Blood
  9839 | Slime:5  | Identified the ring of Emawn {rPois Dex+3} (You found it on level 5 of the Pits of Slime)
  9936 | Lair:6   | Identified the Volume of Arcane Weapons
 10009 | Lair:6   | Reached skill level 12 in Charms
 10225 | D:13     | Noticed Rupert
 10232 | D:13     | Killed Rupert
 10362 | D:14     | Found a shattered altar of Ashenzari.
 10372 | D:14     | Found a stormy altar of Qazlal.
 10438 | D:15     | Entered Level 15 of the Dungeon
 10532 | D:14     | Reached skill level 13 in Armour
 10571 | D:14     | Identified the Volume of the Hundredfold Lives
 10575 | D:14     | Learned a level 2 spell: Blink
 10585 | D:14     | Found a gate to the Vaults.
 10593 | Vaults:1 | Entered Level 1 of the Vaults
 10603 | Vaults:1 | Reached skill level 11 in Conjurations
 10603 | Vaults:1 | Reached skill level 11 in Hexes
 10603 | Vaults:1 | Reached skill level 11 in Summonings
 10603 | Vaults:1 | Reached skill level 11 in Necromancy
 10603 | Vaults:1 | Reached skill level 11 in Translocations
 10603 | Vaults:1 | Reached skill level 11 in Transmutations
 10603 | Vaults:1 | Reached skill level 11 in Fire Magic
 10603 | Vaults:1 | Reached skill level 11 in Ice Magic
 10603 | Vaults:1 | Reached skill level 11 in Air Magic
 10603 | Vaults:1 | Reached skill level 11 in Earth Magic
 10603 | Vaults:1 | Reached skill level 11 in Poison Magic
 10791 | Vaults:2 | Reached skill level 15 in Unarmed Combat
 10845 | Vaults:2 | Reached XP level 20. HP: 157/157 MP: 37/37
 10922 | Vaults:3 | Reached skill level 13 in Short Blades
 10922 | Vaults:3 | Reached skill level 13 in Long Blades
 10922 | Vaults:3 | Reached skill level 13 in Maces & Flails
 10922 | Vaults:3 | Reached skill level 13 in Polearms
 10922 | Vaults:3 | Reached skill level 13 in Staves
 10922 | Vaults:3 | Reached skill level 13 in Slings
 10922 | Vaults:3 | Reached skill level 13 in Bows
 10922 | Vaults:3 | Reached skill level 13 in Crossbows
 10922 | Vaults:3 | Reached skill level 13 in Throwing
 10922 | Vaults:3 | Reached skill level 13 in Stealth
 10922 | Vaults:3 | Reached skill level 13 in Shields
 10922 | Vaults:3 | Reached skill level 14 in Invocations
 10922 | Vaults:3 | Reached skill level 13 in Evocations
 10994 | Vaults:3 | Noticed Boris
 10999 | Vaults:3 | Killed Boris
 11112 | Vaults:3 | Reached skill level 16 in Axes
 11114 | Vaults:3 | Found a staircase to the Crypt.
 11446 | Vaults:4 | Reached skill level 14 in Spellcasting
 11550 | Vaults:4 | Noticed Sojobo
 11563 | Vaults:4 | Killed Sojobo
 11580 | Vaults:4 | Reached skill level 14 in Fighting
 11580 | Vaults:4 | Reached skill level 14 in Dodging
 11621 | Vaults:5 | Entered Level 5 of the Vaults
 11675 | Vaults:5 | Got a silver rune of Zot
 11764 | Vaults:5 | Reached skill level 16 in Unarmed Combat
 11779 | Vaults:5 | Reached XP level 21. HP: 160/165 MP: 39/39
 11921 | Vaults:5 | Noticed Xtahua
 11924 | Vaults:5 | Killed Xtahua
 11943 | Vaults:5 | Reached skill level 14 in Armour
 11950 | Vaults:5 | Reached skill level 17 in Axes
 12068 | Vaults:5 | Identified the Handbook of the Quantum Rocks
 12076 | Vaults:5 | Learned a level 5 spell: Borgnjor's Vile Clutch
 12079 | Vaults:5 | Learned a level 2 spell: Passwall
 12130 | Vaults:5 | Reached skill level 15 in Invocations
 12132 | Vaults:5 | Reached skill level 12 in Conjurations
 12132 | Vaults:5 | Reached skill level 12 in Hexes
 12132 | Vaults:5 | Reached skill level 13 in Charms
 12132 | Vaults:5 | Reached skill level 12 in Summonings
 12132 | Vaults:5 | Reached skill level 12 in Necromancy
 12132 | Vaults:5 | Reached skill level 12 in Translocations
 12132 | Vaults:5 | Reached skill level 12 in Transmutations
 12132 | Vaults:5 | Reached skill level 12 in Fire Magic
 12132 | Vaults:5 | Reached skill level 12 in Ice Magic
 12132 | Vaults:5 | Reached skill level 12 in Air Magic
 12132 | Vaults:5 | Reached skill level 12 in Earth Magic
 12132 | Vaults:5 | Reached skill level 12 in Poison Magic
 12211 | Vaults:5 | Reached skill level 14 in Short Blades
 12211 | Vaults:5 | Reached skill level 14 in Long Blades
 12211 | Vaults:5 | Reached skill level 14 in Maces & Flails
 12211 | Vaults:5 | Reached skill level 14 in Polearms
 12211 | Vaults:5 | Reached skill level 14 in Staves
 12211 | Vaults:5 | Reached skill level 14 in Slings
 12211 | Vaults:5 | Reached skill level 14 in Bows
 12211 | Vaults:5 | Reached skill level 14 in Crossbows
 12211 | Vaults:5 | Reached skill level 14 in Throwing
 12211 | Vaults:5 | Reached skill level 14 in Stealth
 12211 | Vaults:5 | Reached skill level 14 in Shields
 12211 | Vaults:5 | Reached skill level 14 in Evocations
 12335 | Vaults:5 | Reached XP level 22. HP: 133/173 MP: 34/40
 12388 | Vaults:5 | Reached skill level 17 in Unarmed Combat
 12435 | Vaults:4 | Identified the Handbook of Destructive Darkness (You acquired it on level 4 of the Vaults)
 12448 | Vaults:4 | Cast into level 4 of the Abyss (a distortion unwield)
 12775 | Abyss:4  | Learned a level 5 spell: Aura of Abjuration
 12778 | Abyss:4  | Reached skill level 15 in Spellcasting
 12870 | Abyss:4  | Found a hide-covered altar of Uskayaw.
 12885 | Abyss:4  | Noticed a profane servitor
 12895 | Abyss:4  | Killed a profane servitor
 12909 | Abyss:5  | Entered Level 5 of the Abyss
 12957 | Abyss:5  | Noticed a profane servitor
 12965 | Abyss:5  | Killed a profane servitor
 12965 | Abyss:5  | Reached skill level 15 in Fighting
 12965 | Abyss:5  | Reached skill level 15 in Dodging
 13034 | Abyss:5  | Identified the +0 dagger of the Enemy {vamp, rPois Str-4 Dex+9} (You found it on level 5 of the Abyss)
 13049 | Abyss:5  | Reached skill level 18 in Axes
 13241 | Abyss:5  | Found a corrupted altar of Lugonu.
 13310 | Abyss:5  | Found a shattered altar of Ashenzari.
 13326 | Abyss:5  | Reached XP level 23. HP: 181/181 MP: 42/42
 13344 | Abyss:5  | Got an abyssal rune of Zot
 13356 | Vaults:4 | Escaped the Abyss
 13407 | Vaults:4 | Learned a level 3 spell: Lesser Beckoning
 13409 | Vaults:4 | Learned a level 1 spell: Summon Butterflies
 13526 | Crypt:1  | Entered Level 1 of the Crypt
 13657 | Crypt:1  | Reached skill level 15 in Armour
 13677 | Crypt:1  | Identified First Steps in Sorcery
 13702 | Crypt:2  | Reached skill level 18 in Unarmed Combat
 13720 | Crypt:2  | Reached skill level 16 in Invocations
 13757 | Crypt:3  | Entered Level 3 of the Crypt
 13757 | Crypt:3  | Noticed Frederick
 13764 | Crypt:3  | Killed Frederick
 13854 | Crypt:3  | Found a staircase to the Tomb.
 13861 | Tomb:1   | Entered Level 1 of the Tomb of the Ancients
 13970 | Tomb:1   | Reached skill level 15 in Short Blades
 13970 | Tomb:1   | Reached skill level 15 in Long Blades
 13970 | Tomb:1   | Reached skill level 15 in Maces & Flails
 13970 | Tomb:1   | Reached skill level 15 in Polearms
 13970 | Tomb:1   | Reached skill level 15 in Staves
 13970 | Tomb:1   | Reached skill level 15 in Slings
 13970 | Tomb:1   | Reached skill level 15 in Bows
 13970 | Tomb:1   | Reached skill level 15 in Crossbows
 13970 | Tomb:1   | Reached skill level 15 in Throwing
 13970 | Tomb:1   | Reached skill level 15 in Stealth
 13970 | Tomb:1   | Reached skill level 15 in Shields
 13970 | Tomb:1   | Reached skill level 15 in Evocations
 13997 | Tomb:1   | Learned a level 4 spell: Animate Dead
 14027 | Tomb:1   | Noticed a greater mummy
 14027 | Tomb:1   | Noticed a greater mummy
 14036 | Tomb:1   | Noticed a greater mummy
 14040 | Tomb:1   | HP: 23/236 [??? (5)]
 14102 | Tomb:2   | Reached skill level 13 in Conjurations
 14102 | Tomb:2   | Reached skill level 13 in Hexes
 14102 | Tomb:2   | Reached skill level 13 in Summonings
 14102 | Tomb:2   | Reached skill level 13 in Necromancy
 14102 | Tomb:2   | Reached skill level 13 in Translocations
 14102 | Tomb:2   | Reached skill level 13 in Transmutations
 14102 | Tomb:2   | Reached skill level 13 in Fire Magic
 14102 | Tomb:2   | Reached skill level 13 in Ice Magic
 14102 | Tomb:2   | Reached skill level 13 in Air Magic
 14102 | Tomb:2   | Reached skill level 13 in Earth Magic
 14102 | Tomb:2   | Reached skill level 13 in Poison Magic
 14152 | Tomb:2   | Noticed a greater mummy
 14153 | Tomb:2   | Noticed a greater mummy
 14159 | Tomb:2   | Killed a greater mummy
 14159 | Tomb:2   | HP: 10/237 [death scarab (14)]
 14160 | Tomb:2   | Killed a greater mummy
 14160 | Tomb:2   | Reached skill level 19 in Axes
 14165 | Tomb:2   | HP: 13/237 [reaper/scythe of pain[a mummy priest's death curse] (37)]
 14166 | Tomb:2   | HP: 6/237 [reaper/scythe of pain[a mummy priest's death curse] (1)]
 14178 | Tomb:2   | HP: 12/237 [skeletal warrior/glaive (22)]
 14182 | Tomb:2   | HP: 5/237 [skeletal warrior/glaive (16)]
 14187 | Tomb:2   | Lost mutation: You are partially covered in icy blue scales. (AC +2) [potion of mutation]
 14187 | Tomb:2   | Lost mutation: You are agile. (Dex +2) [potion of mutation]
 14187 | Tomb:2   | Lost mutation: You expend magic power (3 MP) to strengthen your wands. [potion of mutation]
 14187 | Tomb:2   | Gained mutation: Your muscles are strong. (Str +2) [potion of mutation]
 14231 | Tomb:2   | Noticed a greater mummy
 14237 | Tomb:2   | Noticed a greater mummy
 14237 | Tomb:2   | Killed a greater mummy
 14237 | Tomb:2   | Reached skill level 14 in Charms
 14242 | Tomb:2   | HP: 23/237 [reaper/scythe of venom[a greater mummy's death curse] (15)]
 14245 | Tomb:2   | Killed a greater mummy
 14246 | Tomb:2   | HP: 8/237 [soul eater[a mummy priest's death curse] (16)]
 14279 | Tomb:2   | Reached XP level 24. HP: 77/190 MP: 42/42
 14324 | Tomb:1   | Noticed a greater mummy
 14324 | Tomb:1   | Noticed a greater mummy
 14324 | Tomb:1   | Noticed a greater mummy
 14333 | Tomb:1   | Noticed a greater mummy
 14333 | Tomb:1   | Killed a greater mummy
 14335 | Tomb:1   | Killed a greater mummy
 14336 | Tomb:1   | Killed a greater mummy
 14341 | Tomb:1   | Killed a greater mummy
 14345 | Tomb:1   | Noticed a greater mummy
 14353 | Tomb:1   | Killed a greater mummy
 14353 | Tomb:1   | Reached skill level 16 in Spellcasting
 14364 | Tomb:1   | Noticed a greater mummy
 14367 | Tomb:1   | Noticed a greater mummy
 14371 | Tomb:1   | Killed a greater mummy
 14375 | Tomb:1   | Killed a greater mummy
 14393 | Tomb:1   | Noticed a greater mummy
 14399 | Tomb:1   | Killed a greater mummy
 14399 | Tomb:1   | Reached skill level 16 in Fighting
 14399 | Tomb:1   | Reached skill level 16 in Dodging
 14429 | Tomb:1   | Noticed a greater mummy
 14434 | Tomb:1   | Noticed a greater mummy
 14438 | Tomb:1   | Killed a greater mummy
 14438 | Tomb:1   | Reached skill level 19 in Unarmed Combat
 14446 | Tomb:1   | Killed a greater mummy
 14451 | Tomb:1   | Noticed a greater mummy
 14461 | Tomb:1   | Killed a greater mummy
 14475 | Tomb:1   | Noticed a greater mummy
 14485 | Tomb:1   | Killed a greater mummy
 14522 | Tomb:1   | Noticed a greater mummy
 14524 | Tomb:1   | Noticed a greater mummy
 14525 | Tomb:1   | Killed a greater mummy
 14525 | Tomb:1   | Killed a greater mummy
 14532 | Tomb:1   | Noticed a greater mummy
 14543 | Tomb:1   | Killed a greater mummy
 14562 | Tomb:1   | Noticed a greater mummy
 14563 | Tomb:1   | Noticed a greater mummy
 14572 | Tomb:1   | Killed a greater mummy
 14574 | Tomb:1   | Killed a greater mummy
 14586 | Tomb:1   | Noticed a greater mummy
 14593 | Tomb:1   | Killed a greater mummy
 14597 | Tomb:1   | Noticed a greater mummy
 14604 | Tomb:1   | Killed a greater mummy
 14610 | Tomb:1   | Noticed a greater mummy
 14624 | Tomb:1   | Killed a greater mummy
 14624 | Tomb:1   | Reached skill level 17 in Invocations
 14627 | Tomb:1   | Noticed a greater mummy
 14636 | Tomb:1   | HP: 24/248 [emperor scorpion[a greater mummy] (1)]
 14637 | Tomb:1   | HP: 8/248 [emperor scorpion[a greater mummy] (18)]
 14637 | Tomb:1   | Slain by an emperor scorpion

Skill      XL: |  1  2  3  4  5  6  7  8  9 10 11 12 13 14 15 16 17 18 19 20 21 22 23 24 |
---------------+-------------------------------------------------------------------------+-----
Spellcasting   | 5 6 7 8 9 10 11 12 13 14 15 16 | 16.3
Invocations    | 1 2 3 4 5 6 7 8 9 10 11 12 13 14 15 16 17 | 17.0
Short Blades   | 1 2 3 4 5 6 7 8 9 10 11 12 13 14 15 | 15.7
Long Blades    | 1 2 3 4 5 6 7 8 9 10 11 12 13 14 15 | 15.7
Maces & Flails | 1 2 3 4 5 6 7 8 9 10 11 12 13 14 15 | 15.7
Polearms       | 1 2 3 4 5 6 7 8 9 10 11 12 13 14 15 | 15.7
Staves         | 1 2 3 4 5 6 7 8 9 10 11 12 13 14 15 | 15.7
Slings         | 1 2 3 4 5 6 7 8 9 10 11 12 13 14 15 | 15.7
Bows           | 1 2 3 4 5 6 7 8 9 10 11 12 13 14 15 | 15.7
Crossbows      | 1 2 3 4 5 6 7 8 9 10 11 12 13 14 15 | 15.7
Throwing       | 1 2 3 4 5 6 7 8 9 10 11 12 13 14 15 | 15.7
Stealth        | 1 2 3 4 5 6 7 8 9 10 11 12 13 14 15 | 15.7
Shields        | 1 2 3 4 5 6 7 8 9 10 11 12 13 14 15 | 15.7
Unarmed Combat | 1 2 3 4 5 6 7 8 9 10 11 13 14 15 16 17 18 19 | 19.4
Evocations     | 1 2 3 4 5 6 7 8 9 10 11 12 13 14 15 | 15.7
Conjurations   | 1 2 3 4 5 6 7 8 9 10 11 12 13 | 13.6
Hexes          | 1 2 3 4 5 6 7 8 9 10 11 12 13 | 13.6
Summonings     | 1 2 3 4 5 6 7 8 9 10 11 12 13 | 13.6
Necromancy     | 1 2 3 4 5 6 7 8 9 10 11 12 13 | 13.6
Translocations | 1 2 3 4 5 6 7 8 9 10 11 12 13 | 13.6
Transmutations | 1 2 3 4 5 6 7 8 9 10 11 12 13 | 13.6
Fire Magic     | 1 2 3 4 5 6 7 8 9 10 11 12 13 | 13.6
Ice Magic      | 1 2 3 4 5 6 7 8 9 10 11 12 13 | 13.6
Air Magic      | 1 2 3 4 5 6 7 8 9 10 11 12 13 | 13.6
Earth Magic    | 1 2 3 4 5 6 7 8 9 10 11 12 13 | 13.6
Poison Magic   | 1 2 3 4 5 6 7 8 9 10 11 12 13 | 13.6
Fighting       | 5 6 7 8 9 10 11 12 13 14 15 16 | 16.2
Axes           | 5 6 7 8 9 10 11 12 13 14 15 16 17 18 19 | 19.8
Armour         | 3 4 5 6 7 8 9 10 11 12 13 14 15 | 15.9
Dodging        | 5 6 7 8 9 10 11 12 13 14 15 16 | 16.2
Charms         | 6 7 8 9 10 11 12 13 14 | 14.4

Action                   |  1- 3 |  4- 6 |  7- 9 | 10-12 | 13-15 | 16-18 | 19-21 | 22-24 || total
-------------------------+-------+-------+-------+-------+-------+-------+-------+-------++-------
Melee: Hand axe          |    75 |    38 |    57 |       |       |       |       |       ||   170
       Bite              |     8 |     2 |    22 |   132 |    45 |   111 |   133 |   119 ||   572
       Scythe            |       |       |    14 |       |       |       |       |       ||    14
       Dagger            |       |       |    63 |   396 |   166 |    19 |       |       ||   644
       Punch             |       |       |     4 |     7 |     1 |       |       |       ||    12
       Falchion          |       |       |     8 |    37 |       |       |       |       ||    45
       War axe           |       |       |       |    61 |     4 |   337 |       |       ||   402
       Kick              |       |       |       |       |   108 |   308 |   315 |   293 ||  1024
       Unarmed           |       |       |       |       |    14 |       |    19 |       ||    33
       Rapier            |       |       |       |       |    50 |    14 |    17 |       ||    81
       Broad axe         |       |       |       |       |    39 |   177 |   523 |   541 ||  1280
       Demon whip        |       |       |       |       |       |       |       |     6 ||     6
Throw: Tomahawk          |       |       |     5 |    25 |    24 |       |       |       ||    54
       Stone             |       |       |       |     1 |     4 |       |       |       ||     5
       Javelin           |       |       |       |       |       |       |    41 |     6 ||    47
 Cast: Infusion          |     4 |       |       |       |       |       |       |       ||     4
       Shroud of Golubri |     1 |     2 |     8 |    14 |     3 |     1 |       |       ||    29
       Song of Slaying   |     1 |       |     1 |    13 |     2 |       |     2 |       ||    19
       Spectral Weapon   |     5 |     6 |    21 |    34 |     9 |    44 |    37 |    20 ||   176
       Regeneration      |       |     2 |     5 |    37 |    14 |    20 |    30 |    53 ||   161
       Statue Form       |       |       |       |       |    26 |    46 |    38 |    44 ||   154
       Irradiate         |       |       |       |       |     7 |     3 |    10 |    40 ||    60
       Blade Hands       |       |       |       |       |     2 |       |       |       ||     2
       Apportation       |       |       |       |       |    21 |    89 |    72 |    23 ||   205
       Olgreb's Toxic Ra |       |       |       |       |     7 |    56 |     4 |       ||    67
       Summon Lightning  |       |       |       |       |       |    18 |    49 |     2 ||    69
       Animate Skeleton  |       |       |       |       |       |     1 |     5 |       ||     6
       Shadow Creatures  |       |       |       |       |       |     7 |     8 |       ||    15
       Borgnjor's Vile C |       |       |       |       |       |       |     1 |    50 ||    51
       Passwall          |       |       |       |       |       |       |       |     3 ||     3
       Blink             |       |       |       |       |       |       |       |     1 ||     1
       Animate Dead      |       |       |       |       |       |       |       |     6 ||     6
       Lesser Beckoning  |       |       |       |       |       |       |       |     3 ||     3
       Aura of Abjuratio |       |       |       |       |       |       |       |     3 ||     3
Invok: Temporal Distorti |       |       |       |     2 |     1 |     1 |     3 |     2 ||     9
       Bend Time         |       |       |       |     8 |     5 |     3 |     2 |       ||    18
       Slouch            |       |       |       |     5 |     8 |     4 |    13 |    33 ||    63
       Step From Time    |       |       |       |       |       |       |     1 |       ||     1
 Abil: Evoke Berserk Rag |       |     2 |       |       |       |       |       |       ||     2
       End Transformatio |       |       |       |       |     1 |     1 |     1 |       ||     3
Evoke: Wand              |       |       |    10 |    22 |    27 |    16 |    20 |    22 ||   117
       Lightning rod     |       |       |       |       |     5 |       |     5 |     7 ||    17
       Fan of gales      |       |       |       |       |       |     1 |       |       ||     1
       Staff of energy   |       |       |       |       |       |       |    17 |       ||    17
       Lamp of fire      |       |       |       |       |       |       |     2 |     2 ||     4
       Phial of floods   |       |       |       |       |       |       |     1 |       ||     1
  Use: Potion            |       |     1 |     2 |     3 |     6 |     2 |     8 |     4 ||    26
       Scroll            |       |       |    10 |     4 |    17 |    16 |    12 |    19 ||    78
 Stab: Sleeping          |     2 |       |     6 |     6 |    13 |     4 |    10 |     5 ||    46
       Distracted        |     1 |       |     1 |    12 |     4 |    22 |    30 |     9 ||    79
       Paralysed         |       |       |       |       |       |     4 |       |       ||     4
  Eat: Chunk             |       |     2 |     2 |     3 |     1 |     4 |     4 |       ||    16
       Ration            |       |       |     1 |     1 |     6 |     2 |     3 |     6 ||    19
Armor: Leather armour    |     9 |       |       |       |       |       |       |       ||     9
       Animal skin       |     5 |    14 |    21 |    16 |     5 |    19 |     1 |       ||    81
       Scale mail        |       |       |       |    21 |     6 |       |       |       ||    27
       Skin              |       |       |       |       |    93 |   332 |   286 |   355 ||  1066
       Troll leather arm |       |       |       |       |       |       |     7 |     6 ||    13
Dodge: Dodged            |    51 |    32 |    95 |   280 |   303 |  1179 |   753 |   944 ||  3637
Block: Other             |       |       |     7 |    12 |       |       |       |       ||    19
       Buckler           |       |       |       |    83 |   129 |   496 |   518 |   577 ||  1803
       Reflection        |       |       |       |     3 |     1 |       |       |       ||     4
       Rpst.: Falchion   |       |       |     3 |     2 |       |       |       |       ||     5

Table legend:
 A = Turns spent in this place as a percentage of turns spent in the entire game.
 B = Non-inter-level travel turns spent in this place as a percentage of non-inter-level travel turns spent in the entire game.
 C = Inter-level travel turns spent in this place as a percentage of turns spent in this place.
 D = Turns resting spent in this place as a percentage of non-inter-level travel turns spent in this place.
 E = Turns spent auto-exploring this place as a percentage of non-inter-level travel turns spent in this place.
 F = Non-inter-level travel turns spent in this place divided by the number of levels of this place that you've seen.
                   A       B       C       D       E      F
               +-------+-------+-------+-------+-------+----------------------
         Total | 100.0 | 100.0 |   1.1 |   0.0 |   0.7 | 273.0
       Dungeon |  24.4 |  24.6 |   0.4 |   0.0 |   0.0 | 237.5
        Temple |   0.6 |   0.5 |  14.3 |   0.0 |   0.0 |  72.0
          Lair |  12.5 |  12.5 |   0.7 |   0.0 |   0.0 | 302.7
         Swamp |   4.4 |   4.5 |   0.0 |   0.0 |   0.0 | 161.5
   Spider Nest |   5.1 |   5.2 |   0.0 |   0.0 |   0.0 | 187.5
    Slime Pits |   3.3 |   3.4 |   0.0 |   0.0 |   0.0 |  97.0
  Orcish Mines |   9.2 |   9.1 |   2.2 |   0.0 |   0.0 | 657.5
   Elven Halls |  10.2 |  10.2 |   0.5 |   0.0 |   6.5 | 494.3
        Vaults |  13.8 |  13.4 |   4.4 |   0.0 |   0.0 | 387.0
         Crypt |   2.3 |   2.3 |   0.0 |   0.0 |   0.0 | 111.7
          Tomb |   5.3 |   5.4 |   0.0 |   0.0 |   0.0 | 388.0
         Abyss |   6.2 |   6.3 |   0.0 |   0.0 |   0.0 | 454.0
        Wizlab |   2.6 |   2.7 |   0.0 |   0.0 |   0.0 | 387.0
               +-------+-------+-------+-------+-------+----------------------

Table legend:
 A = Kills in this place as a percentage of kills in entire the game.
 B = Kills by you in this place as a percentage of kills by you in the entire game.
 C = Kills by friends in this place as a percentage of kills by friends in the entire game.
 D = Other kills in this place as a percentage of other kills in the entire game.
 E = Experience gained in this place as a percentage of experience gained in the entire game.
 F = Experience gained in this place divided by the number of levels of this place that you have seen.
                   A       B       C       D       E      F
               +-------+-------+-------+-------+-------+----------------------
         Total | 100.0 | 100.0 | 100.0 | 100.0 | 100.0 | 18069.5
       Dungeon |  18.6 |  18.1 |  26.7 |   0.0 |   4.1 | 2616.5
          Lair |  10.6 |  10.6 |  10.9 |   0.0 |   4.5 | 7252.3
         Swamp |   4.6 |   4.6 |   5.0 |   0.0 |   4.1 | 9894.8
   Spider Nest |   9.4 |   9.9 |   1.0 |   0.0 |   8.2 | 19688.2
    Slime Pits |   4.7 |   3.9 |  17.8 |   0.0 |   6.5 | 12496.6
  Orcish Mines |   6.2 |   6.5 |   2.0 |   0.0 |   1.9 | 8947.0
   Elven Halls |   6.1 |   6.3 |   0.0 |  66.7 |   9.1 | 29193.7
        Vaults |  15.8 |  15.3 |  22.8 |  33.3 |  24.6 | 47022.4
         Crypt |   3.2 |   3.4 |   0.0 |   0.0 |   4.2 | 13248.3
          Tomb |   7.8 |   7.5 |  12.9 |   0.0 |  21.0 | 100665.5
         Abyss |  12.2 |  12.9 |   1.0 |   0.0 |  11.2 | 53807.0
        Wizlab |   0.9 |   0.9 |   0.0 |   0.0 |   0.5 | 4831.0
               +-------+-------+-------+-------+-------+----------------------

Vault maps used:
D:1:      ldierk_walled_garden_2, serial_bayou_lake_a
D:2:      nicolae_ru_sacrificial_ziggurat
D:3:      bloody_makhleb, uniq_robin
D:4:      first_ration, uniq_ijyb, uniq_eustachio, uniq_sigmund
D:5:      minmay_temple_entry_large_hall
D:6:      uniq_duvessa, uniq_grinder
D:7:      uniq_prince_ribbit1
D:8:      lemuel_doored_altar, lair_entry_dummy, the_bakery,
          hangedman_decor_peaks_small, kb_lookout_dungeons_type
D:9:      minmay_ruined_shrine
D:10:     basic_altar
D:11:     minmay_orc_entry_temple_small, nicolae_dithmenos_shadow_blocks,
          uniq_erolcha
D:12:     st_stairs_14, chequers_big_river
D:13:     kennysheep_path_1, minmay_sticks_and_stones, uniq_rupert, uniq_kirke
D:14:     hangedman_vaults_entry_quadrant_bands, ashenzari_altar_1, basic_altar,
          serial_park_tiny_1, minivault_22
D:15:     hangedman_depths_entry_civil_slaughter, minmay_crystal_room,
          serial_shops, shop, minmay_pinched_square
Temple:   regret_index_temple_sigil_plot
Lair:1:   serial_forest, infiniplex_forest_clump_cross,
          infiniplex_forest_straight_1, infiniplex_forest_clump_medium,
          infiniplex_forest_straight_4, infiniplex_forest_clump_large,
          infiniplex_forest_lined_2, infiniplex_forest_clump_medium,
          infiniplex_forest_straight_4, infiniplex_forest_lined_room_,
          grunt_megastairs_3, uniq_erica
Lair:2:   special_room
Lair:3:   regret_index_wax_grids, serial_bayou_shore_a
Lair:4:   minmay_swamp_entry_worms, spider_nest_entry_web_field
Lair:5:   eino_small_chamber_without_monster, uniq_nessos
Lair:6:   evilmike_catoblepas_cave, slime_altar_2
Swamp:1:  serial_swamp_ruin, evilmike_swamp_ruin_house_2,
          evilmike_swamp_ruin_house_3, evilmike_swamp_ruin_house_4,
          infiniplex_staircase_pool_2
Swamp:2:  evilmike_swamp_ruin_rubble_1, infiniplex_staircase_pool
Swamp:3:  evilmike_swamp_ruin_rubble_2
Swamp:4:  grunt_swamp_rune_castle, swamp_pool2, hangedman_swamp_blocks
Spider:1: uniq_roxanne, uniq_josephine
Spider:2: uniq_arachne
Spider:3: spider_temple_joshua
Spider:4: grunt_spider_rune_circles, uniq_nikola, uniq_agnes, uniq_mara
Slime:4:  nicolae_slime_jelly_donut
Orc:1:    special_room
Orc:2:    grunt_orc_cross
Elf:1:    eino_elf_arrival_the_gate, mu_enter_wizlab_6,
          kennysheep_underground_church
Elf:2:    serial_shops, shop, shop, nicolae_shop_window_shopping,
          shop_fountains, uniq_saint_roka, uniq_donald, uniq_louise, uniq_aizul
Elf:3:    elf_hall, grunt_ministairs_6, lemuel_flamethrower_hall
Vaults:1: ontoclasm_vaults_decontamination, nicolae_vaults_asterisk,
          vaults_mumra_hex, grunt_vaults_hallway_long, v_pattern_1,
          vaults_room_stairs_pillars, vaults_room_door_hall,
          vaults_mumra_chevron_long, ontoclasm_vaults_misaligned, v_misc_26,
          v_misc_5, ontoclasm_vaults_bender, v_misc_9, v_misc_24,
          vaults_room_octagon
Vaults:2: st_lattice, hangedman_vaults_stagger, hangedman_vaults_variations,
          hangedman_vaults_hat, v_misc_8, dpeg_vaults_monster_box, v_misc_3,
          nicolae_vaults_border_crossing, nicolae_vaults_ring_of_whatevers
Vaults:3: st_octagons_1, nicolae_vaults_specimen_jars,
          nicolae_vaults_windows_and_doors_thing, minmay_crypt_entry_simple_box,
          v_misc_18, v_misc_26, ontoclasm_vaults_twist, vaults_dpeg_ring,
          v_misc_12, uniq_boris
Vaults:4: nicolae_vaults_sealed_display, vaults_room_grid,
          ontoclasm_vaults_ring_large, v_misc_22, nicolae_vaults_what_the_h,
          ontoclasm_vaults_chip, hangedman_vaults_corner_blocks,
          vaults_standard_mumra_enter_the_diamond, v_misc_5, vaults_room_fours,
          uniq_sojobo
Vaults:5: serial_shops, uniq_xtahua
Crypt:1:  st_stairs_6, grunt_megastairs_2, grunt_crypt_arrival_split,
          uniq_bai_suzhen, uniq_margery
Crypt:3:  church_of_pain_bobbens, nicolae_tomb_entry_rubble_hallway,
          hangedman_blasphemy, uniq_frederick, uniq_mennas
Abyss:4:  hangedman_abyss_exit_choices, minivault_24,
          evilmike_abyss_exit_kraken, nicolae_abyss_rune_left_handed
Abyss:5:  small_statue_intersection, grunt_abyss_rune_wretched_hive,
          evilmike_abyss_exit_10
WizLab:   wizlab_cigotuvi
